vexana, chaotic female human Rogue -------- ------ #----- |......| |.....######------- #|..<| |......| |..(.| #|......# #|...| --------- |......| |....| #|.....|# #|...| |.......| -.--+--- |.....# #|.....|##` #|...| |......>| # |....|# #|......#####` ###...)| #........| #### |....|# #--.---- ### #------- # |....#######|.......| ## ------# ##### ####|......### -+--- --+------ ### # ## ###|.....| ## # #......| ##### # #|.....| -------.--## # # ----------- |.....| |........|#### #### ..........| |.....| |........| ### -.-+-.- ##|..........| ------- |........| # |.F).@-#####-..........+ |........| ###|.^.uo| |..........| ---------- #...B... ..........| |..%.o| .........| ------- ---------- vexana the Rogue Experience level: 6 Strength: 16 Dexterity: 18 Constitution: 15 Intelligence: 10 Wisdom: 13 Charisma: 7 Health: 0(42) Energy: 29(29) Def: 6 Gold: 19 Moves: 2786 Dungeon seed: BxsbMwuNkKnXqiCD Game ID: vexana_1533299370 Your Inventory: Coins $ - 19 gold pieces Weapons a - an uncursed +0 dagger named Sharptooth (weapon in hand) b - 12 uncursed +0 daggers (in quiver) j - a cursed -3 dagger A - an uncursed +0 dagger Armor e - an uncursed +1 leather armor (being worn) r - an uncursed +0 elven cloak (being worn) N - an uncursed +0 pair of iron shoes (being worn) Comestibles C - 2 uncursed lichen corpses H - an uncursed food ration K - an uncursed lizard corpse S - an uncursed hill orc corpse Potions R - an uncursed potion of restore ability Wands i - an uncursed wand of digging (0:3) p - an uncursed wand of light (0:11) E - an uncursed wand of speed monster (0:3) Tools k - an uncursed lock pick l - an uncursed lock pick B - an uncursed sack J - an uncursed blindfold Gems q - an uncursed worthless piece of orange glass z - an uncursed worthless piece of black glass Y - 2 uncursed worthless pieces of white glass Contents of the sack: 1258 gold pieces a cursed amulet of strangulation an uncursed scroll of confuse monster an uncursed scroll of destroy armor a cursed scroll of genocide an uncursed scroll of scare monster an uncursed scroll of stinking cloud a blessed potion of blindness an uncursed potion of extra healing a cursed potion of levitation an uncursed potion of oil 2 uncursed potions of paralysis an uncursed potion of sickness Spells and supernatural/magical abilities: Name Level Category Fail Memory W - pray for help -- divine ? -- Your skills at the end: Fighting Skills Weapon Skills dagger [Skilled] short sword [Basic] Spellcasting Skills Final Attributes: You were piously aligned. You were stealthy. You are dead. Vanquished creatures: a leprechaun a lizard a rock piercer a shrieker a little dog a floating eye a kitten a dwarf 4 hill orcs a centipede 4 dwarf zombies an iguana 2 killer bees 3 coyotes 2 gas spores a hobbit 2 manes a giant rat 2 cave spiders 3 geckos a jackal a fox a kobold 4 goblins 5 grid bugs 4 bats 6 lichens a kobold zombie 6 newts 63 creatures vanquished. Voluntary challenges: You used a wielded weapon 88 times, starting on turn 33. You read items or engraved 2 times, starting on turn 305. You never genocided any monsters. You never polymorphed an object. You never changed form. You used no wishes. You never split a pudding. You wrote Elbereth's name 2 times, starting on turn 305. You never violated your personal moral code. Dungeon overview: The Dungeons of Doom: levels 1 to 8 Level 1 a long staircase Level 2 a fountain Level 3 an armor shop, a fountain Level 4 a fountain Level 5 some fountains Level 6 a fountain Level 7 <- You were here Level 8 History has recorded: On T:1 you entered the Dungeons of Doom to retrieve the Amulet of Yendor! On T:308 you reached level 2 of The Dungeons of Doom. On T:312 you advanced to experience level 2. On T:616 you reached level 3 of The Dungeons of Doom. On T:724 you advanced to experience level 3. On T:850 you reached level 4 of The Dungeons of Doom. On T:1221 you reached level 5 of The Dungeons of Doom. On T:1533 you advanced to experience level 4. On T:2137 you reached level 6 of The Dungeons of Doom. On T:2202 you advanced to experience level 5. On T:2289 you reached level 7 of The Dungeons of Doom. On T:2498 you reached level 8 of The Dungeons of Doom. On T:2757 you advanced to experience level 6. Score breakdown: Gold: 1277 (10567 points) Experience: 6 levels (12456 points) Exploration: 8 levels ( 15.69%) (11224 points) Discoveries: 5 items ( 1.68%) ( 3885 points) Valuables value: (no points given unless you survive) Artifact value: 0 ( 0 points) Variety of kills: 29 monsters ( 7.61%) ( 8276 points) Turncount: 2786 turns ( -490 points) Survival: died (score multiplied by 80%) Total score: 36734 Latest messages: The hill orc turns to flee! You strike the hill orc from behind! You hit the hill orc. The hill orc misses. You hit the hill orc! You kill the hill orc! $ - 19 gold pieces. There is an open door here. You see here a hill orc corpse. S - a hill orc corpse. You stagger under your heavy load. Movement is very hard. A board beneath the pony squeaks loudly. The hill orc swings her curved sword. The hill orc hits! The pony kicks! The pony bites! The pony kicks! The pony bites! The hill orc swings her curved sword. The hill orc hits! You die... Final status: Goodbye vexana the Rogue, killed by a hill orc... You died in The Dungeons of Doom on dungeon level 7 with 36734 points, and 1277 pieces of gold, after 2786 moves. You were level 6 with a maximum of 42 hit points when you died.